 Dungeon Crawl Stone Soup version 0.30.1-11-g7821555f0a (webtiles) character file.

Game seed: 13497055595943978780

480 SacredBeard the Grave Robber (level 6, -3/46 HPs)
             Began as a Demonspawn Necromancer on Nov 4, 2023.
             Slain by an ice beast (7 damage)
             ... on level 5 of the Dungeon.
             The game lasted 00:08:41 (3885 turns).

SacredBeard the Grave Robber (DsNe)                 Turns: 3885, Time: 00:09:03

Health: -3/46      AC: 11    Str:  6 (9)  XL:     6   Next: 86%
Magic:  10/10      EV: 10    Int: 13 (16) God:
Gold:   188        SH:  0    Dex: 14 (15) Spells: 10/11 levels left

rFire   . . .        e - +1 dagger (drain)
rCold   . . .        (no shield)
rNeg    . . .        p - +2 ring mail "Vuerghixe" {rElec}
rPois   .            (no helmet)
rElec   +            (no cloak)
rCorr   .            (no gloves)
SInv    .            t - +1 pair of boots
Will    .....        u - amulet of magic regeneration
Stlth   ++           (no ring)
HPRegen 0.27/turn    (no ring)
MPRegen 0.52/turn

%: no passive effects
@: no status effects
A: hooves 1, icy blue scales 1, foul stench 1, powered by pain 1
a: no special abilities


You were on level 5 of the Dungeon.
You visited 2 branches of the dungeon, and saw 6 of its levels.

You collected 188 gold pieces.

Inventory:

Hand Weapons
 e - a +1 dagger of draining (weapon)
Missiles
 a - a throwing net
 q - 5 poisoned darts
Armour
 p - the +2 ring mail "Vuerghixe" (worn) {rElec}
   (You found it on level 3 of the Dungeon)

   rElec:     It insulates you from electricity.
 t - a +1 pair of boots (worn)
Jewellery
 u - an amulet of magic regeneration (around neck)
Scrolls
 c - 2 scrolls of torment {unknown}
 d - 2 scrolls of identify {unknown}
 f - a scroll of fear {unknown}
 g - a scroll of magic mapping {unknown}
 h - 2 scrolls of teleportation {unknown}
 i - 2 scrolls of poison {unknown}
 l - a scroll of enchant weapon {unknown}
 n - a scroll of vulnerability {unknown}
 o - 3 scrolls of enchant armour {unknown}
 s - a scroll of fog {unknown}
Potions
 b - a potion of magic
 j - 2 potions of degeneration
 k - 2 potions of flight {unknown}
 m - 2 potions of mutation {unknown}
 r - a potion of curing {unknown}


   Skills:
 + Level 2.4 Fighting
 + Level 1.0 Throwing
 + Level 2.1 Armour
 + Level 2.8 Dodging
 + Level 3.1 Stealth
 + Level 3.1 Spellcasting
 - Level 6.0 Necromancy


You had 10 spell levels left.
You knew the following spells:

 Your Spells              Type           Power      Damage    Failure   Level
a - Necrotise             Necr           68%        1d7       8%          1

Your spell library contained the following spells:

 Spells                   Type           Power      Damage    Failure   Level
 Vampiric Draining        Necr           17%        2d7       22%         3
 Kiss of Death            Conj/Necr      36%        2d8       26%         1
 Animate Dead             Necr           17%        N/A       58%         4
 Dispel Undead            Necr           17%        3d10      58%         4
 Summon Small Mammal      Summ           8%         N/A       65%         1
 Poisonous Vapours        Pois/Air       4%         N/A       78%         2
 Agony                    Necr           17%        N/A       90%         5
 Call Canine Familiar     Summ           2%         N/A       95%         3
 Confusing Touch          Hex            2%         N/A       95%         3
 Mephitic Cloud           Conj/Pois/Air  2%         N/A       95%         3
 Ozocubu's Armour         Ice            2%         N/A       95%         3
 Portal Projectile        Hex/Tloc       4%         N/A       95%         3
 Summon Guardian Golem    Hex/Summ       2%         N/A       95%         3
 Tukima's Dance           Hex            2%         N/A       95%         3
 Blade Hands              Tmut           1%         N/A       100%        5
 Freezing Cloud           Conj/Ice/Air   1%         6-21      100%        5
 Ozocubu's Refrigeration  Ice            1%         4d7       100%        7


Dungeon Overview and Level Annotations

Branches:
Dungeon (5/15) Zot: 26144  Temple (1/1) D:4 Zot: 5959

Altars:
Cheibriados
Fedhas
Gozag
Makhleb
Okawaru
Uskayaw
Wu Jian
Xom
Lugonu

Annotations:
D:1 2 transporters
D:2 1 runed translucent door, Crazy Yiuf
D:4 2 transporters, cloudzero's ghost, amateur MiBe


Innate Abilities, Weirdness & Mutations

You have large cloven feet.
You are partially covered in icy blue scales. (AC +2)
You may rarely emit foul miasma when damaged in melee.
You sometimes gain a little power by taking damage.


Message History

You hit the white imp but do no damage.
The white imp is almost dead.
The white imp gestures at you. The puff of frost hits you!
You completely miss the white imp. Your punch misses the white imp.
The white imp is almost dead.
The white imp closely misses you.
You hit the white imp but do no damage.
The white imp is almost dead.
The white imp hits you but does no damage.
You hit the white imp.
You kill the white imp!
Your Throwing skill increases to level 1!
You hit the ice beast but do no damage. You drain the ice beast.
The ice beast is lightly wounded.
The ice beast closely misses you.
You hit the ice beast but do no damage. You drain the ice beast.
The ice beast is moderately wounded.
The ice beast hits you but does no damage.
You closely miss the ice beast.
The ice beast is moderately wounded.
The ice beast hits you. The ice beast freezes you.
You closely miss the ice beast.
The ice beast is moderately wounded.
The ice beast hits you but does no damage.
You closely miss the ice beast.
The ice beast is moderately wounded.
The ice beast hits you.
* * * LOW HITPOINT WARNING * * *
The ice beast freezes you!
* * * LOW HITPOINT WARNING * * *
You emit a cloud of foul miasma!
It was a potion of degeneration.
There was something very wrong with that liquid.
You feel weakened.
You feel dopey.
You feel clumsy.
The ice beast is engulfed in dark miasma.
The ice beast is poisoned.
The ice beast hits you.
* * * LOW HITPOINT WARNING * * *
The ice beast freezes you!
You die...

#...#..#. #....Y.'
#.....######## .
#...5..5..#..+ ..
#...# #..#..# ...
#...# #.....# ...
#.######.....######...
#...#...........#.....
#...Y@..#####......#
#.###########.....##
#.........##[...#..##.
#.........##[...##..[.
#.........##.######...
######.......# ...
##........## ...
#..........#### ...
#......<......# ...


You could see an ice beast (poisoned, very drained).

Vanquished Creatures
  An ice beast (D:4)
  A phantom (D:4)
  2 hounds (D:4)
  A jelly (D:4)
  An iron imp (D:3)
  Jessica (D:2)
  An iguana (D:2)
  5 adders
  A white imp (D:5)
  An ufetubus (D:5)
  A worm (D:4)
  2 dart slugs (D:3)
  3 orcs
  8 endoplasms
  7 giant cockroaches
  9 goblins
  4 hobgoblins
  2 jackals (D:3)
  3 kobolds
  6 quokkas
  5 ball pythons
  6 bats
  7 frilled lizards
  4 rats
82 creatures vanquished.

Vanquished Creatures (collateral kills)
  An endoplasm (D:4)
1 creature vanquished.

Grand Total: 83 creatures vanquished

Notes
Turn   | Place    | Note
-------+----------+-------------------------------------------
     0 | D:1      | SacredBeard the Demonspawn Necromancer began the quest for
                  | the Orb.
     0 | D:1      | Reached XP level 1. HP: 13/13 MP: 3/3
   259 | D:1      | Gained mutation: You are partially covered in icy blue
                  | scales. (AC +2) [demonic ancestry]
   259 | D:1      | Reached XP level 2. HP: 20/20 MP: 0/5
   823 | D:2      | Noticed Jessica
   913 | D:2      | Killed Jessica
   914 | D:2      | Reached skill level 1 in Fighting
   914 | D:2      | Reached skill level 5 in Necromancy
   914 | D:2      | Gained mutation: You sometimes gain a little power by
                  | taking damage. [demonic ancestry]
   914 | D:2      | Reached XP level 3. HP: 18/26 MP: 3/6
  1095 | D:2      | Reached XP level 4. HP: 32/32 MP: 3/7
  1314 | D:2      | Found a runed translucent door.
  1315 | D:2      | Noticed Crazy Yiuf
  1356 | D:2      | Reached skill level 1 in Armour
  2023 | D:3      | Found a snail-covered altar of Cheibriados.
  2037 | D:3      | Gained mutation: You may rarely emit foul miasma when
                  | damaged in melee. [demonic ancestry]
  2037 | D:3      | Reached XP level 5. HP: 28/37 MP: 8/8
  2156 | D:3      | Identified the +2 ring mail "Vuerghixe" {rElec}
  2662 | D:4      | Found a transporter.
  2662 | D:4      | Noticed cloudzero's ghost (amateur MiBe)
  2698 | D:4      | Found a hide-covered altar of Uskayaw.
  2702 | D:4      | Found a shimmering altar of Xom.
  2838 | D:4      | Found a staircase to the Ecumenical Temple.
  2890 | Temple   | Entered the Ecumenical Temple
  3162 | D:4      | Noticed a phantom
  3216 | D:4      | Killed a phantom
  3217 | D:4      | Gained mutation: You have large cloven feet. [demonic
                  | ancestry]
  3217 | D:4      | Reached XP level 6. HP: 27/44 MP: 10/10
  3422 | D:4      | Found a transporter.
  3587 | D:4      | Noticed an ice beast
  3596 | D:4      | Reached skill level 6 in Necromancy
  3605 | D:4      | Killed an ice beast
  3780 | D:5      | Entered Level 5 of the Dungeon
  3795 | D:5      | Noticed an ice beast
  3853 | D:5      | Noticed an ice beast
  3880 | D:5      | Reached skill level 1 in Throwing
  3885 | D:5      | Slain by an ice beast

Illustrated notes

Levels and vault maps discovered:
D:1:      spicycebolla_arrival_transporter_tutorial, layout_rooms
D:2:      layout_basic, serial_glass, glass_columns_a, glass_columns_a,
          uniq_crazy_yiuf_cottage, uniq_jessica
D:3:      layout_basic, slow_altar_1, serial_forest,
          infiniplex_forest_clump_small, infiniplex_forest_zigzag_2,
          infiniplex_forest_straight_1, infiniplex_forest_corner_1,
          infiniplex_forest_lined_room_2, infiniplex_forest_lined_1,
          infiniplex_forest_clump_medium, infiniplex_forest_split,
          infiniplex_forest_3_way, infiniplex_forest_clump_tiny
D:4:      layout_gridville, mainiacjoe_overflow_catwalk_spiral,
          minmay_temple_entry_glass, gammafunk_ghost_arena
D:5:      layout_rooms, jmf_multi_god_temple, hangedman_ru_absence,
          hangedman_minor_gate_pass
Temple:   corrupted_temple

Skill      XL: |  1  2  3  4  5  6 |
---------------+-------------------+-----
Stealth        | 2 3 |  3.1
Fighting       | 1 2 |  2.4
Dodging        | 2 |  2.8
Necromancy     | 5 6 |  6.0
Armour         | 1 2 |  2.1
Spellcasting   | 3 |  3.1
Throwing       | 1 |  1.0

Action                     |  1- 3 |  4- 6 || total
---------------------------+-------+-------++-------
  Melee: Unarmed           |     8 |       ||     8
         Spear             |     4 |       ||     4
         Dagger            |    11 |   207 ||   218
         Punch             |       |     2 ||     2
   Cast: Necrotise         |    51 |    38 ||    89
    Use: Potion            |       |     1 ||     1
   Stab: Sleeping          |       |     3 ||     3
         Distracted        |       |     1 ||     1
 Armour: Robe              |     2 |    19 ||    21
         Ring mail         |       |    81 ||    81
  Dodge: Dodged            |    18 |    99 ||   117
